 Dungeon Crawl Stone Soup version 0.28-a0-1080-g05a166d0ed (webtiles) character file.

Game seed: 12690295008044480435

1332 karkarkar the Cleaver (level 8, -12/65 HPs)
             Began as a Formicid Fighter on Dec 8, 2021.
             Mangled by an orc warrior (19 damage)
             ... on level 6 of the Dungeon on Dec 9, 2021.
             The game lasted 00:14:48 (6716 turns).

karkarkar the Cleaver (Formicid Fighter)            Turns: 6716, Time: 00:14:48

Health: -12/65     AC:  8    Str: 23    XL:     8   Next: 92%
Magic:  8/8        EV:  9    Int:  8    God:
Gold:   478        SH:  4    Dex: 10    Spells: 7/7 levels left

rFire   + . .      SeeInvis +   a - +0 war axe
rCold   . . .      Faith    .   c - +0 buckler
rNeg    . . .      Spirit   .   b - +0 scale mail
rPois   +          Reflect  .   (helmet unavailable)
rElec   .          Harm     .   (no cloak)
rCorr   .          Rampage  .   (no gloves)
Will    .....                   k - +0 pair of boots
Stlth   ..........              (no amulet)
HPRegen 0.20/turn               m - ring of poison resistance
MPRegen 0.11/turn               n - ring of protection from fire

@: no status effects
A: permanent stasis, dig shafts and tunnels, antennae 3, four strong arms
a: Dig, Shaft Self


You were on level 6 of the Dungeon.
You visited 2 branches of the dungeon, and saw 7 of its levels.

You collected 478 gold pieces.

Inventory:

Hand Weapons
 a - a +0 war axe (weapon)
 i - a +2 short sword of holy wrath
Missiles
 g - 5 datura-tipped darts
 q - 3 javelins (quivered)
 t - 2 poisoned darts
Armour
 b - a +0 scale mail (worn)
 c - a +0 buckler (worn)
 k - a +0 pair of boots (worn)
Jewellery
 m - a ring of poison resistance (left hand)
 n - a ring of protection from fire (right hand)
Wands
 e - a wand of charming (16)
Scrolls
 p - 3 scrolls of fog
 r - a scroll of magic mapping
 u - a scroll of identify
Potions
 d - 2 potions of brilliance
 f - 3 potions of curing
 h - 2 potions of invisibility
 j - a potion of degeneration
 l - a potion of ambrosia {unknown}
 o - a potion of magic {unknown}
 s - a potion of might


   Skills:
 + Level 6.6 Fighting
 + Level 8.6 Axes
 - Level 0.4 Throwing
 - Level 3.6 Armour
 - Level 0.2 Dodging
 - Level 0.7 Stealth
 - Level 4.0 Shields


You had 7 spell levels left.
You didn't know any spells.
Your spell library contained the following spells:

 Spells                   Type           Power      Damage    Failure   Level
 Iskenderun's Battlesphe  Conj           0%         2d6       100%        5
 Manifold Assault         Tloc           0%         N/A       100%        5
 Iron Shot                Conj/Erth      0%         9d1       100%        6
 Spellforged Servitor     Conj/Summ      0%         N/A       100%        7
 Storm Form               Tmut/Air       0%         N/A       100%        7
 Blink                    Tloc           Unusable   N/A       N/A         2

Dungeon Overview and Level Annotations

Branches:
Dungeon (6/15)             Temple (1/1) D:4

Altars:
Ashenzari
Cheibriados
Dithmenos
Elyvilon
Fedhas
Gozag
Hepliaklqana
Kikubaaqudgha
Makhleb
Nemelex Xobeh
Qazlal
Ru
Uskayaw
Vehumet
Wu Jian
Yredelemnul
Zin

Shops:
D:5 (

Annotations:
D:5 1 runed translucent door, garbled's ghost, novice VSNe


Innate Abilities, Weirdness & Mutations

You cannot be hasted, slowed, berserked, paralysed or teleported.
You can dig through walls and to a lower floor.
You have a pair of large antennae on your head. (SInv)
Your four strong arms can wield two-handed weapons with a shield.


Message History

The orc warrior is moderately wounded.
You hit the orc wizard. The orc warrior barely misses you.
The orc wizard hits you but does no damage.
You slash the orc warrior!
The orc warrior is severely wounded.
You closely miss the orc wizard.
The orc warrior hits you with a +0 scimitar!
The orc wizard barely misses you.
You are too injured to fight recklessly!
You are too injured to fight recklessly!
You are too injured to fight recklessly!
Unknown command.
You barely miss the orc warrior.
The orc warrior is severely wounded.
You miss the orc wizard. You block the orc warrior's attack.
The orc wizard hits you with a +0 dagger.
The orc warrior completely misses you.
The orc wizard hits you but does no damage.
You hit the orc warrior but do no damage.
The orc warrior is severely wounded.
You hit the orc wizard.
The orc warrior hits you with a +0 scimitar.
The orc wizard hits you with a +0 dagger.
You closely miss the orc warrior.
The orc warrior is severely wounded.
You slash the orc wizard!
You kill the orc wizard!
The orc warrior misses you.
The orc warrior hits you with a +0 scimitar!
* * * LOW HITPOINT WARNING * * *
You closely miss the orc warrior.
The orc warrior is severely wounded.
The orc warrior hits you with a +0 scimitar.
* * * LOW HITPOINT WARNING * * *
Unknown command.
You feel better. The orc warrior closely misses you.
You barely miss the orc warrior.
The orc warrior is severely wounded.
The orc warrior hits you with a +0 scimitar!!
You die...

....##.#............. #.
........###.........
#.........<# ##.....<.#
#..##.###..# #..##.....
#........#.###.........
#........#..####.......
###......##..## ##......
#......).)....####..####
..#...@o...........# #
#..............).####
#..#.......[...##......
## ##.........>##..####
##......#........#.
#......##.........
##................
#....#..........##
##......#......##.


You could see an orc warrior.

Vanquished Creatures
  2 sky beasts
  An orc warrior (D:6)
  A black bear (D:6)
  An ogre (D:6)
  A phantom (D:5)
  Blork the orc (D:6)
  2 scorpions
  A water moccasin zombie (D:4)
  A centaur zombie (D:6)
  2 hounds (D:5)
  A bullfrog skeleton (D:5)
  A centaur skeleton (D:5)
  A scorpion zombie (D:5)
  3 iguanas
  3 orc wizards (D:6)
  3 gnolls (D:5)
  4 adders
  A shadow imp (D:3)
  An ufetubus (D:4)
  An adder skeleton (D:4)
  2 worms
  2 dart slugs
  12 orcs
  8 ball pythons
  4 endoplasms
  2 giant cockroaches
  7 goblins
  6 hobgoblins
  4 jackals (D:1)
  5 kobolds
  2 quokkas (D:1)
  4 bats
  8 rats
  A toadstool (D:6)
99 creatures vanquished.

Vanquished Creatures (collateral kills)
  A shadow (D:6)
1 creature vanquished.

Vanquished Creatures (others)
  2 fungi (D:6)
  A plant (D:5)
  3 toadstools (D:6)
6 creatures vanquished.

Grand Total: 106 creatures vanquished

Notes
Turn   | Place    | Note
-------+----------+-------------------------------------------
     0 | D:1      | karkarkar the Formicid Fighter began the quest for the Orb.
     0 | D:1      | Reached XP level 1. HP: 18/18 MP: 1/1
   101 | D:1      | Reached XP level 2. HP: 14/24 MP: 2/2
   431 | D:1      | Reached XP level 3. HP: 22/29 MP: 3/3
   939 | D:1      | Found a faded altar of an unknown god.
  1260 | D:2      | Upgraded the game from 0.28-a0-1038-g9c4cb8273d to
                  | 0.28-a0-1080-g05a166d0ed
  1632 | D:2      | Reached XP level 4. HP: 29/37 MP: 4/4
  2010 | D:2      | Reached skill level 3 in Axes
  2865 | D:3      | Reached XP level 5. HP: 23/42 MP: 5/5
  3092 | D:4      | Found a stormy altar of Qazlal.
  3175 | D:4      | Found a staircase to the Ecumenical Temple.
  3200 | Temple   | Entered the Ecumenical Temple
  3404 | D:4      | Reached skill level 4 in Axes
  3617 | D:4      | Reached XP level 6. HP: 35/49 MP: 6/6
  3852 | D:4      | Found a hide-covered altar of Uskayaw.
  3895 | D:4      | Found a hazy altar of Hepliaklqana.
  4239 | D:5      | Entered Level 5 of the Dungeon
  4271 | D:5      | Reached skill level 5 in Axes
  4462 | D:5      | Reached XP level 7. HP: 35/55 MP: 7/7
  4624 | D:5      | Found Siabyl's Hydra Hut.
  4625 | D:5      | Noticed an eight-headed hydra
  4773 | D:5      | Found a runed translucent door.
  4776 | D:5      | Noticed garbled's ghost (novice VSNe)
  4792 | D:5      | Reached skill level 5 in Fighting
  4792 | D:5      | Reached skill level 6 in Axes
  5691 | D:6      | Noticed Blork the orc
  5701 | D:6      | Killed Blork the orc
  5762 | D:6      | Reached skill level 7 in Axes
  5762 | D:6      | Reached XP level 8. HP: 40/64 MP: 8/8
  6263 | D:6      | Reached skill level 8 in Axes
  6368 | D:6      | Noticed a shadow
  6379 | D:6      | Killed a shadow
  6714 | D:6      | HP: 1/65 [orc warrior (6)]
  6716 | D:6      | Mangled by an orc warrior

Illustrated notes

Levels and vault maps discovered:
D:1:      lightli_iron_boxes, layout_basic,
          dreamdust_ecumenical_altar_hidden_monk_grotto
D:2:      layout_basic, minmay_fractal_squares_gapless_5
D:3:      layout_rooms, chequers_avenue, lightli_corner_chamber
D:4:      layout_loops_ring, mainiacjoe_overflow_chevrons, kennysheep_mini_moat,
          kennysheep_mini, minmay_temple_entry_statues
D:5:      layout_loops_cross, ebering_ghost_sewer_d, doesnt_shop_hydraphobe
D:6:      layout_cave_pools, minmay_gold_behind_fungi, minmay_small_thing,
          uniq_blork_the_orc
Temple:   jpeg_temple_clearing

Skill      XL: |  1  2  3  4  5  6  7  8 |
---------------+-------------------------+-----
Shields        | 4 |  4.0
Axes           | 3 4 5 7 8 |  8.6
Fighting       | 4 5 6 |  6.6
Throwing       | |  0.4
Armour         | |  3.6
Dodging        | |  0.2
Stealth        | |  0.7

Action                   |  1- 3 |  4- 6 |  7- 9 || total
-------------------------+-------+-------+-------++-------
Melee: War axe           |    84 |   123 |   122 ||   329
Throw: Javelin           |       |    10 |    16 ||    26
       Dart              |       |       |    11 ||    11
 Abil: Dig               |     3 |     4 |     2 ||     9
  Use: Scroll            |     2 |     2 |     7 ||    11
       Potion            |       |     1 |     2 ||     3
Armor: Scale mail        |    42 |    60 |    49 ||   151
Dodge: Dodged            |    53 |    58 |    54 ||   165
Block: Buckler           |    19 |    30 |    28 ||    77

Table legend: (Time is in decaauts)
 A = Elapsed time spent in this place.
 B = Non-inter-level travel time spent in this place.
 C = Inter-level travel time spent in this place.
 D = Time resting spent in this place.
 E = Time spent auto-exploring this place.
 F = Levels seen in this place.
 G = Mean time per level.
                   A        B        C        D        E       F      G
               +--------+--------+--------+--------+--------+-----+--------+
         Total |   6822 |   6633 |    189 |    110 |   5364 |   7 |  974.6 |
       Dungeon |   6707 |   6564 |    143 |    110 |   5309 |   6 | 1117.8 |
        Temple |    114 |     68 |     46 |      0 |     55 |   1 |  114.0 |
               +--------+--------+--------+--------+--------+-----+--------+

Top non-repeatable levels by time:
     D:5: 1386 daAuts
     D:1: 1254 daAuts
     D:6: 1126 daAuts
     D:4: 1114 daAuts
     D:2: 1061 daAuts
     D:3: 764 daAuts
  Temple: 114 daAuts
